 Dungeon Crawl Stone Soup version 0.31-a0-609-g7bf6ffcfed (webtiles) character file.

Game seed: 1873955800059093454

336 thirtiethelement the Firebug (level 6, -3/47 HPs)
             Began as a Demonspawn Cinder Acolyte on Aug 22, 2023.
             Was an Elder of Ignis.
             Succumbed to an orc wizard's poison
             ... on level 3 of the Dungeon.
             The game lasted 00:07:40 (2521 turns).

thirtiethelement the Firebug (DsCA)                 Turns: 2521, Time: 00:07:41

Health: -3/47      AC:  9    Str: 14    XL:     6   Next: 28%
Magic:  10/10      EV:  8    Int: 18    God:    Ignis [****..]
Gold:   128        SH:  5    Dex:  8    Spells: 7/11 levels left

rFire   + . .        a - -1 hand axe (flame)
rCold   . . .        (no shield)
rNeg    . . .        b - +0 robe
rPois   .            (no helmet)
rElec   .            (no cloak)
rCorr   .            i - +0 pair of gloves
SInv    .            (no boots)
Will    .....        f - amulet of reflection
Stlth   +            (no ring)
HPRegen 0.27/turn    (no ring)
MPRegen 0.24/turn

%: reflection, guardian spirit
@: lethally poisoned (-3 -> -29), sanguine armoured, constricted
A: powered by death 2, magic shield, magic regeneration, sanguine armour 1
a: Renounce Religion, Fiery Armour, Foxfire Swarm, Rising Flame


You were on level 3 of the Dungeon.
You worshipped Ignis.
Ignis was greatly pleased with you.
You visited 1 branch of the dungeon, and saw 3 of its levels.

You collected 128 gold pieces.

Inventory:

Hand Weapons
 a - a -1 hand axe of flaming (weapon)
Missiles
 n - 5 boomerangs (quivered)
Armour
 b - a +0 robe (worn)
 i - a +0 pair of gloves (worn)
Jewellery
 f - an amulet of reflection (around neck)
Wands
 o - a wand of polymorph (9)
Scrolls
 d - 3 scrolls of noise {unknown}
 g - 2 scrolls of enchant weapon {unknown}
 j - a scroll of amnesia {unknown}
 k - a scroll of fog {unknown}
 l - a scroll of fear {unknown}
 m - 3 scrolls of identify {unknown}
Potions
 e - a potion of cancellation {unknown}
 h - a potion of haste {unknown}


   Skills:
 + Level 3.4 Fighting
 + Level 3.5 Axes
 + Level 1.1 Dodging
 + Level 0.4 Stealth
 + Level 0.6 Shields
 + Level 3.2 Spellcasting
 + Level 4.3 Fire Magic


You had 7 spell levels left.
You knew the following spells:

 Your Spells              Type           Power      Damage    Failure   Level
a - Scorch                Fire           36%        2d6       4%          2
b - Blink                 Tloc           4%         N/A       24%         2

Your spell library contained the following spells:

 Spells                   Type           Power      Damage    Failure   Level
 Manifold Assault         Tloc           2%         N/A       85%         4


Dungeon Overview and Level Annotations

Branches:
Dungeon (3/15)

Altars:


Innate Abilities, Weirdness & Mutations

You regenerate health from kills.
When hurt, damage is shared between your health and your magic reserves.
You regenerate magic rapidly.
When seriously injured, your blood forms armour. (AC +6)


Message History

The orc wizard points at you and mumbles some strange words.
The magic dart hits you!
You hit the orc wizard but do no damage.
You barely miss the ball python.
You feel sick. The ball python barely misses you.
The ball python constricts you.
The orc wizard hits you with a +0 dagger of venom.
Your blood congeals into armour.
You are more poisoned.
You completely miss the orc wizard. You barely miss the ball python.
You feel very sick. The ball python bites you. The ball python constricts you.
The orc wizard hits you but does no damage.
You are lethally poisoned!
The ball python barely misses you. The ball python constricts you.
You hit the orc wizard but do no damage.
You closely miss the ball python.
You feel extremely sick.
The orc wizard hits you but does no damage.
You are more poisoned.
You block the ball python's attack. The ball python constricts you.
You barely miss the orc wizard. You hit the ball python.
You burn the ball python.
* * * LOW HITPOINT WARNING * * *
You feel extremely sick.
The orc wizard hits you but does no damage.
You block the ball python's attack. The ball python constricts you.
Activating: Foxfire Swarm
Press: ? - help, Dir - look around, f - activate Flames leap up around you!
* * * LOW HITPOINT WARNING * * *
You feel very sick.
The ball python bites you but does no damage.
The ball python constricts you.
The orc wizard hits you with a +0 dagger of venom.
* * * LOW HITPOINT WARNING * * *
You are more poisoned.
The ball python bites you but does no damage.
The ball python constricts you.
It was a potion of magic.
Magic courses through your body.
You die...

##########
.........#
.....vvvv# ####
# .....vvvv#
#.... .
.....vo@v+ .....
.
.....vSvv#######
#.#.###
...#.####v.....#
#.#.#.. . ..
#......###.#.#.#
#..
#..........#.#.#
#.
####.#####.#.#.#
. #)#.......#.#
.............
##............


You could see an orc wizard (ally target) and a ball python (ally target).

Vanquished Creatures
  Sigmund (D:2)
  Terence (D:2)
  Natasha (twice) (D:2)
  An adder (D:2)
  2 worms (D:2)
  3 dart slugs
  3 orcs (D:3)
  6 ball pythons
  A bat (D:2)
  4 endoplasms
  6 giant cockroaches
  14 goblins
  5 hobgoblins
  3 jackals (D:1)
  2 quokkas (D:1)
  6 kobolds
  4 rats
64 creatures vanquished.

Notes
Turn   | Place    | Note
-------+----------+-------------------------------------------
     0 | D:1      | thirtiethelement the Demonspawn Cinder Acolyte began the
                  | quest for the Orb.
     0 | D:1      | Reached XP level 1. HP: 18/18 MP: 2/2
    93 | D:1      | Gained mutation: You regenerate a little health from kills.
                  | [demonic ancestry]
    93 | D:1      | Reached XP level 2. HP: 13/24 MP: 3/3
    96 | D:1      | Learned a level 2 spell: Scorch
   551 | D:1      | Reached skill level 3 in Fire Magic
   597 | D:1      | Gained mutation: You regenerate magic rapidly. [demonic
                  | ancestry]
   597 | D:1      | Reached XP level 3. HP: 29/29 MP: 1/4
   919 | D:2      | Found a faded altar of an unknown god.
  1369 | D:2      | Noticed Terence
  1388 | D:2      | Killed Terence
  1389 | D:2      | Gained mutation: When seriously injured, your blood forms
                  | armour. (AC +6) [demonic ancestry]
  1389 | D:2      | Reached XP level 4. HP: 24/29 MP: 2/6
  1658 | D:2      | Learned a level 2 spell: Blink
  1697 | D:2      | Noticed Natasha
  1701 | D:2      | Killed Natasha
  1952 | D:2      | Noticed Sigmund
  2029 | D:2      | Killed Sigmund
  2030 | D:2      | Reached skill level 1 in Dodging
  2030 | D:2      | Reached skill level 4 in Fire Magic
  2030 | D:2      | Gained mutation: You regenerate health from kills. [demonic
                  | ancestry]
  2030 | D:2      | Reached XP level 5. HP: 37/41 MP: 3/9
  2030 | D:2      | Gained mutation: When hurt, damage is shared between your
                  | health and your magic reserves. [demonic ancestry]
  2030 | D:2      | Reached XP level 6. HP: 43/47 MP: 3/10
  2070 | D:2      | Noticed Natasha
  2076 | D:2      | Killed Natasha
  2521 | D:3      | Succumbed to an orc wizard's poison

Illustrated notes

Levels and vault maps discovered:
D:1:      ncdulo_lavacross, layout_loops_cross
D:2:      kennysheep_the_goblin_king, layout_loops_corners,
          shapermc_ecumenical_altar_flowoftime, uniq_terence, uniq_natasha,
          uniq_sigmund
D:3:      layout_basic, minmay_overflow_temple_star_quad

Skill      XL: |  1  2  3  4 |
---------------+-------------+-----
Axes           | 3 |  3.5
Fire Magic     | 3 4 |  4.3
Spellcasting   | 3 |  3.2
Dodging        | 1 |  1.1
Fighting       | |  3.4
Stealth        | |  0.4
Shields        | |  0.6

Action                     |  1- 3 |  4- 6 || total
---------------------------+-------+-------++-------
  Melee: Hand axe          |    76 |    23 ||    99
   Cast: Scorch            |    23 |    26 ||    49
 Invoke: Fiery Armour      |     1 |     1 ||     2
         Foxfire Swarm     |       |     1 ||     1
    Use: Potion            |       |     1 ||     1
 Armour: Robe              |    17 |     9 ||    26
         Skin              |       |     2 ||     2
  Dodge: Dodged            |    46 |    11 ||    57
  Block: Other             |     5 |     5 ||    10
         Reflection        |     1 |       ||     1

Table legend: (Time is in decaauts)
 A = Elapsed time spent in this place.
 B = Non-inter-level travel time spent in this place.
 C = Inter-level travel time spent in this place.
 D = Time resting spent in this place.
 E = Time spent auto-exploring this place.
 F = Levels seen in this place.
 G = Mean time per level.
                   A        B        C        D        E       F      G
               +--------+--------+--------+--------+--------+-----+--------+
         Total |   2528 |   2494 |     34 |      4 |   1797 |   3 |  842.7 |
       Dungeon |   2528 |   2494 |     34 |      4 |   1797 |   3 |  842.7 |
               +--------+--------+--------+--------+--------+-----+--------+

Top non-repeatable levels by time:
     D:2: 1572 daAuts
     D:1: 831 daAuts
     D:3: 123 daAuts
